 Dungeon Crawl Stone Soup version 0.31-a0-145-g046c7d2549 (webtiles) character file.

Game seed: 13568787181963593564

813 rddays123 the Cleaver (level 7, -3/61 HPs)
             Began as a Minotaur Fighter on June 6, 2023.
             Was a Believer of Okawaru.
             Splashed by a jelly's acid (7 damage)
             ... on level 6 of the Dungeon.
             The game lasted 00:08:42 (4391 turns).

rddays123 the Cleaver (Minotaur Fighter)            Turns: 4391, Time: 00:08:43

Health: -3/61      AC: -11   Str: 23    XL:     7   Next: 61%
Magic:  6/6        EV:  8    Int:  5    God:    Okawaru [**....]
Gold:   231        SH:  8    Dex:  9    Spells: 6/6 levels left

rFire   . . .        a - +0 war axe
rCold   . . .        e - +0 kite shield
rNeg    . . .        b - +0 scale mail
rPois   .            (helmet restricted)
rElec   .            q - +0 cloak
rCorr   .            (no gloves)
SInv    .            (no boots)
Will    .....        o - amulet of faith Stlth
                     (no ring)
HPRegen 0.30/turn    (no ring)
MPRegen 0.10/turn

%: faith
@: corroded
A: horns 2, retaliatory headbutt
a: Renounce Religion, Heroism


You were on level 6 of the Dungeon.
You worshipped Okawaru.
Okawaru was pleased with you.
You visited 1 branch of the dungeon, and saw 6 of its levels.

You collected 231 gold pieces.

Inventory:

Hand Weapons
 a - a +0 war axe (weapon)
 g - a +0 spectral trident
Armour
 b - a +0 scale mail (worn)
 e - a +0 kite shield (worn)
 q - a +0 cloak (worn)
Jewellery
 o - an amulet of faith (around neck)
 v - an amulet of guardian spirit
Scrolls
 c - a scroll of immolation {unknown}
 h - a scroll of silence
 k - 3 scrolls of enchant armour {unknown}
 l - 6 scrolls of teleportation
 p - a scroll of fear {unknown}
 r - 3 scrolls of identify
 u - a scroll of blinking {unknown}
Potions
 d - 2 potions of might
 f - a potion of ambrosia
 i - 2 potions of degeneration
 j - 2 potions of resistance
 m - 3 potions of heal wounds
 n - 2 potions of invisibility {unknown}
 s - a potion of mutation {unknown}
 t - a potion of brilliance {unknown}
 w - a potion of enlightenment {unknown}


   Skills:
 - Level 5.0 Fighting
 + Level 8.6 Axes
 - Level 5.0 Armour
 - Level 5.0 Shields


You had 6 spell levels left.
You didn't know any spells.
Your spell library contained the following spells:

 Spells                   Type           Power      Damage    Failure   Level
 Shock                    Conj/Air       0%         1d3       95%         1
 Swiftness                Air            0%         N/A       100%        3
 Vhi's Electric Charge    Tloc/Air       0%         N/A       100%        3
 Airstrike                Air            0%         2d(0-16)  100%        4
 Arcjolt                  Conj/Air       0%         1d10      100%        5
 Plasma Beam              Fire/Air       0%         2x1d10    100%        6


Dungeon Overview and Level Annotations

Branches:
Dungeon (6/15)             Temple (0/1) D:4

Altars:
Dithmenos
Elyvilon
Okawaru

Shops:
D:5 (


Innate Abilities, Weirdness & Mutations

You have a pair of horns on your head.
You reflexively headbutt those who attack you in melee.


Message History

You miss the water moccasin.
The water moccasin is heavily wounded.
The water moccasin bites you. The water moccasin barely misses you.
You furiously retaliate!
You headbutt the water moccasin! You slash the water moccasin!
You kill the water moccasin!
Okawaru accepts your kill.
No target in view!
Found a stone staircase leading down.
You now have 231 gold pieces (gained 7).
A jelly comes into view.
The jelly quivers.
You hit the jelly but do no damage. The acid corrodes you!
Your hands burn!
The jelly hits you. The acid corrodes you!
You are splashed with acid.
You hit the jelly.
Your hands burn!
The jelly is lightly wounded.
The jelly hits you. The acid corrodes you!
You are splashed with acid!
You hit the jelly but do no damage. The acid corrodes you!
Your hands burn!
You headbutt the jelly, but do no damage.
The jelly is lightly wounded.
You block the jelly's attack.
You completely miss the jelly. You headbutt the jelly.
The jelly is moderately wounded.
The jelly hits you.
You are splashed with acid!
You hit the jelly.
Your hands burn!
The jelly is moderately wounded.
The jelly closely misses you. You block the jelly's attack.
You hit the jelly. The acid corrodes you!
Your hands burn!
The jelly is heavily wounded.
You block the jelly's attack.
You hit the jelly.
Your hands burn!
You headbutt the jelly.
The jelly is almost dead.
The jelly hits you.
* * * LOW HITPOINT WARNING * * *
You are splashed with acid!
* * * LOW HITPOINT WARNING * * *
The jelly attacks as you move away! The jelly hits you.
* * * LOW HITPOINT WARNING * * *
The acid corrodes you!
You are splashed with acid!
You die...

#. .# #. ###.#
##.##....
..>.... . #..^..
...##....
........# #.@#
#.J# #..#
#####..###
.#...[....#
#.)...#..#.#####
#.#.#.##........
###.#.##.#.#....
......##...#....


You could see a jelly.

Vanquished Creatures
  A water moccasin (D:6)
  A phantom (D:4)
  A scorpion (D:4)
  A bullfrog (D:5)
  A howler monkey (D:5)
  An orc priest (D:5)
  2 hounds
  A jelly (D:4)
  3 sleepcaps (D:4)
  2 iguanas
  An orc wizard (D:4)
  4 gnolls (D:5)
  8 adders
  A shadow imp (D:5)
  5 dart slugs
  7 orcs
  4 bats
  4 endoplasms
  2 giant cockroaches
  5 goblins
  3 hobgoblins
  6 jackals (D:2)
  5 kobolds
  4 quokkas
  7 ball pythons
  6 frilled lizards
  3 rats
  A spectral weapon (D:3)
90 creatures vanquished.

Notes
Turn   | Place    | Note
-------+----------+-------------------------------------------
     0 | D:1      | rddays123 the Minotaur Fighter began the quest for the Orb.
     0 | D:1      | Reached XP level 1. HP: 19/19 MP: 0/0
   113 | D:1      | Reached XP level 2. HP: 27/27 MP: 1/1
   738 | D:2      | Reached skill level 3 in Axes
   780 | D:2      | Found a faded altar of an unknown god.
   784 | D:2      | Reached XP level 3. HP: 33/33 MP: 2/2
   797 | D:2      | Got Plato's Folio of Hurting
  1370 | D:3      | Reached XP level 4. HP: 28/41 MP: 3/3
  2003 | D:3      | Found a shadowy altar of Dithmenos.
  2178 | D:3      | Found a white marble altar of Elyvilon.
  2198 | D:3      | Found an iron altar of Okawaru.
  2269 | D:3      | Became a worshipper of Warmaster Okawaru
  2594 | D:4      | Noticed a scorpion
  2597 | D:4      | Killed a scorpion
  2598 | D:4      | Reached XP level 5. HP: 46/47 MP: 4/4
  2645 | D:4      | Reached skill level 4 in Axes
  2672 | D:4      | Reached skill level 5 in Fighting
  2672 | D:4      | Reached skill level 5 in Armour
  2672 | D:4      | Reached skill level 5 in Shields
  2693 | D:4      | Reached * piety under Okawaru
  2754 | D:4      | Found a staircase to the Ecumenical Temple.
  2823 | D:4      | Reached XP level 6. HP: 56/56 MP: 5/5
  2843 | D:4      | Reached skill level 5 in Axes
  2873 | D:4      | Reached skill level 6 in Axes
  3344 | D:5      | Entered Level 5 of the Dungeon
  3439 | D:5      | Found Qecagh's Weapon Shoppe.
  3446 | D:5      | Reached ** piety under Okawaru
  3447 | D:5      | Reached skill level 7 in Axes
  3447 | D:5      | Reached XP level 7. HP: 59/61 MP: 6/6
  3462 | D:5      | Identified the +2 robe of Living Mirth {rCorr Str+6 Dex-2}
  4327 | D:6      | Reached skill level 8 in Axes
  4391 | D:6      | Splashed by a jelly's acid

Illustrated notes

Levels and vault maps discovered:
D:1:      dpeg_arrival_another_circle, layout_basic
D:2:      layout_rooms, shapermc_ecumenical_altar_rom_forum
D:3:      layout_loops_ring, mainiacjoe_overflow_chevrons,
          hellmonk_okawaru_the_only_friend_you_need, grunt_dithmenos_smoke,
          grunt_ministairs_3
D:4:      layout_rooms, temple_hall
D:5:      layout_basic, serial_shops, shop
D:6:      layout_basic, nicolae_stop_n_shop_2

Skill      XL: |  1  2  3  4  5  6  7 |
---------------+----------------------+-----
Fighting       | 4 5 |  5.0
Axes           | 3 4 7 8 |  8.6
Armour         | 4 5 |  5.0
Shields        | 4 5 |  5.0

Action                     |  1- 3 |  4- 6 |  7- 9 || total
---------------------------+-------+-------+-------++-------
  Melee: War axe           |    81 |   104 |    41 ||   226
         Headbutt          |     8 |    12 |     9 ||    29
    Use: Scroll            |       |     6 |       ||     6
 Armour: Scale mail        |    37 |    47 |     9 ||    93
  Dodge: Dodged            |    40 |    45 |    17 ||   102
  Block: Kite shield       |    30 |    50 |    15 ||    95

Table legend: (Time is in decaauts)
 A = Elapsed time spent in this place.
 B = Non-inter-level travel time spent in this place.
 C = Inter-level travel time spent in this place.
 D = Time resting spent in this place.
 E = Time spent auto-exploring this place.
 F = Levels seen in this place.
 G = Mean time per level.
                   A        B        C        D        E       F      G
               +--------+--------+--------+--------+--------+-----+--------+
         Total |   4483 |   4222 |    261 |    588 |   2765 |   6 |  747.2 |
       Dungeon |   4483 |   4222 |    261 |    588 |   2765 |   6 |  747.2 |
               +--------+--------+--------+--------+--------+-----+--------+

Top non-repeatable levels by time:
     D:3: 965 daAuts
     D:5: 951 daAuts
     D:2: 920 daAuts
     D:4: 789 daAuts
     D:1: 749 daAuts
     D:6: 107 daAuts
